 Dungeon Crawl Stone Soup version 0.19.1-1-g22dce08 (webtiles) character file.

756 somonday the Reanimator (level 7, -1/47 HPs)
             Began as a Mummy Necromancer on Jan 18, 2017.
             Was an Initiate of Sif Muna.
             Killed from afar by an orc wizard (8 damage)
             ... with a magic dart
             ... on level 5 of the Dungeon.
             The game lasted 01:05:34 (6980 turns).

somonday the Reanimator (Mummy Necromancer)         Turns: 6980, Time: 01:05:34

Health: -1/47      AC:  2    Str: 11    XL:     7   Next: 50%
Magic:  1/11       EV: 11    Int: 17    God:    Sif Muna [......]
Gold:   175        SH:  3    Dex: 12    Spells: 4 memorised, 3 levels left

rFire  x . .     SeeInvis .     s - +2 dagger (venom)
rCold  + + .     Gourm    .     a - +0 robe
rNeg   + + +     Faith    .     o - +0 buckler
rPois  ∞         Spirit   .     (no helmet)
rElec  .         Reflect  .     (no cloak)
rCorr  .         Harm     .     (no gloves)
MR     .....                    (no boots)
Stlth  ++........               (no amulet)
                                (no ring)
                                r - ring of protection from cold

@: no status effects
A: no food or potions, fire vulnerability, cold resistance 1, negative energy
resistance 3, torment resistance, unbreathing
a: Renounce Religion


You were on level 5 of the Dungeon.
You worshipped Sif Muna.
Sif Muna was noncommittal.
You were not hungry.

You visited 2 branches of the dungeon, and saw 6 of its levels.

You collected 175 gold pieces.

Inventory:

Hand Weapons
 s - a +2 dagger of venom (weapon)
Armour
 a - a +0 robe (worn)
 o - a +0 buckler (worn)
Jewellery
 k - an uncursed amulet of guardian spirit
 r - a ring of protection from cold (left hand)
Wands
 m - a wand of confusion (14/48)
 q - a wand of polymorph (14/24)
Scrolls
 c - 3 scrolls of magic mapping
 d - a scroll of identify
 e - 3 scrolls of teleportation
 f - a scroll of recharging {unknown}
 g - 3 scrolls of remove curse {unknown}
 h - a scroll of fear {unknown}
 i - a scroll of fog {unknown}
 j - a scroll of amnesia {unknown}
 l - a scroll of random uselessness {unknown}
 n - a scroll of noise {unknown}
 p - 2 scrolls of blinking {unknown}
Books
 b - a book of Necromancy

   Spells                             Type                      Level
   a - Pain                           Necromancy                   1
   b - Animate Skeleton               Necromancy                   1
   c - Vampiric Draining              Necromancy                   3
   d - Regeneration                   Charms/Necromancy            3
   e - Animate Dead                   Necromancy                   4
   f - Control Undead                 Necromancy                   4


   Skills:
 - Level 0.4 Fighting
 - Level 1.0 Short Blades
 - Level 2.1 Dodging
 - Level 1.5 Stealth
 - Level 0.2 Shields
 - Level 3.3 Spellcasting
 + Level 8.4 Necromancy


You had 3 spell levels left.
You knew the following spells:

 Your Spells              Type           Power        Failure   Level  Hunger
a - Pain                  Necr           ####         1%          1    N/A
b - Animate Skeleton      Necr           N/A          1%          1    N/A
c - Vampiric Draining     Necr           ####......   2%          3    N/A
d - Control Undead        Necr           ####......   12%         4    N/A

Dungeon Overview and Level Annotations

Branches:
Dungeon (4/15)             Temple (1/1) D:4

Altars:
Ashenzari
Cheibriados
Dithmenos
Elyvilon
Gozag
Hepliaklqana
Kikubaaqudgha
Makhleb
Nemelex Xobeh
Okawaru
Qazlal
Sif Muna
Trog
Uskayaw
Vehumet
Xom
Yredelemnul
Zin
The Shining One


Innate Abilities, Weirdness & Mutations

You do not eat or drink.
Your flesh is vulnerable to fire.
You are immune to poison.
Your flesh is cold resistant. (rC+)
You are immune to negative energy. (rN+++)
You are immune to unholy pain and torment.
You can survive without breathing.


Message History

Aim: an orc wizard, wielding a dagger of venom and wearing a robe (lightly wounded, fast, chance to defeat MR: 84%)
The orc wizard barely resists.
You hear the slow hiss of a distant avalanche of sand.
You hear the slow rusting of a very distant drain.
Casting: Pain
Confirm with . or Enter, or press ? or * to list all spells.
Aiming: Pain
Press: ? - help, Shift-Dir - straight line, f/p - orc wizard
Aim: an orc wizard, wielding a dagger of venom and wearing a robe (lightly wounded, fast, chance to defeat MR: 84%)
The orc wizard writhes in agony!
The orc wizard gestures wildly while chanting.
Casting: Pain
Confirm with . or Enter, or press ? or * to list all spells.
Aiming: Pain
Press: ? - help, Shift-Dir - straight line, f/p - orc wizard
Aim: an orc wizard, wielding a dagger of venom and wearing a robe (heavily wounded, fast, chance to defeat MR: 84%)
The orc wizard writhes in agony!
The orc wizard casts a spell at you. The magic dart hits you!
You die...

##.#*,,,,,**
*,****
#.##8...8#
*,*,,,
#.##.....##
*,*,⌠,
#.#8.....8#
*,*,,,
#.##.....#*
*,+,,,
#o#*8...8#
***,,,
#.#*##_##*
*,⌠,
#.#######
*,,,
#..o))@#*
****
######## * *


You could see an orc wizard.

Vanquished Creatures
  An eye of draining (D:4)
  An ogre (D:4)
  A bullfrog (D:4)
  A scorpion (D:4)
  A crimson imp (D:5)
  3 orc priests
  4 orc wizards
  A worker ant (D:4)
  6 adders
  4 gnolls (D:4)
  An ooze (D:2)
  3 worms
  2 dart slugs
  5 leopard geckos
  13 orcs
  A ball python (D:4)
  8 bats
  5 giant cockroaches
  7 goblins
  10 hobgoblins
  3 jackals (D:4)
  5 frilled lizards
  A jackal skeleton (D:4)
  9 kobolds
  9 rats
105 creatures vanquished.

Vanquished Creatures (collateral kills)
  2 bats
  A leopard gecko skeleton (D:4)
3 creatures vanquished.

Grand Total: 108 creatures vanquished

Notes
Turn   | Place    | Note
-------+----------+-------------------------------------------
     0 | D:1      | somonday the Mummy Necromancer began the quest for the Orb.
     0 | D:1      | Reached XP level 1. HP: 13/13 MP: 3/3
   187 | D:1      | Reached XP level 2. HP: 20/20 MP: 0/5
   831 | D:1      | Learned a level 1 spell: Animate Skeleton
   882 | D:2      | Reached XP level 3. HP: 25/25 MP: 3/6
  1914 | D:2      | Reached skill level 5 in Necromancy
  1990 | D:2      | Reached XP level 4. HP: 31/31 MP: 0/7
  3267 | D:2      | Reached XP level 5. HP: 23/36 MP: 3/9
  5386 | D:4      | Reached skill level 1 in Short Blades
  5403 | D:4      | Noticed an eye of draining
  5439 | D:4      | Found a sparkling altar of Nemelex Xobeh.
  5815 | D:4      | Reached skill level 6 in Necromancy
  5815 | D:4      | Reached XP level 6. HP: 38/42 MP: 6/10
  5820 | D:4      | Learned a level 3 spell: Vampiric Draining
  6004 | D:4      | Found a staircase to the Ecumenical Temple.
  6016 | Temple   | Entered the Ecumenical Temple
  6186 | Temple   | Became a worshipper of Sif Muna the Loreminder
  6322 | D:4      | Reached skill level 7 in Necromancy
  6431 | D:4      | Learned a level 4 spell: Control Undead
  6554 | D:4      | Reached XP level 7. HP: 47/47 MP: 1/11
  6841 | D:4      | Found an opulent altar of Gozag.
  6877 | D:4      | You fall through a shaft!
  6877 | D:5      | Entered Level 5 of the Dungeon
  6877 | D:5      | Found an opulent altar of Gozag.
  6935 | D:5      | Found a white marble altar of Elyvilon.
  6947 | D:5      | Reached skill level 8 in Necromancy
  6980 | D:5      | Killed from afar by an orc wizard

Skill      XL: |  1  2  3  4  5  6  7 |
---------------+----------------------+-----
Dodging        | 2 |  2.1
Necromancy     | 5 6 7 8 |  8.4
Spellcasting   | 3 |  3.3
Short Blades   | 1 |  1.0
Fighting       | |  0.4
Stealth        | |  1.5
Shields        | |  0.2

Action                   |  1- 3 |  4- 6 |  7- 9 || total
-------------------------+-------+-------+-------++-------
Melee: Dagger            |    23 |    51 |    17 ||    91
Throw: Tomahawk          |       |     1 |       ||     1
 Cast: Pain              |    73 |   114 |    34 ||   221
       Animate Skeleton  |     2 |    18 |       ||    20
       Control Undead    |       |     1 |       ||     1
Evoke: Wand              |       |       |     4 ||     4
  Use: Scroll            |       |       |     2 ||     2
Armor: Robe              |    12 |    13 |     7 ||    32
Dodge: Dodged            |    43 |    36 |    14 ||    93
Block: Buckler           |       |     9 |     4 ||    13
